 Dungeon Crawl Stone Soup version 0.18.1-50-g88ac8fd (webtiles) character file.

45313 Kisielow the Scorcher (level 14, -8/74 HPs)
             Began as a Deep Elf Conjurer on Sept 16, 2016.
             Was a High Priest of Vehumet.
             Mangled by a spiny frog (20 damage)
             ... on level 7 of the Lair of Beasts.
             The game lasted 01:37:43 (22652 turns).

Kisielow the Scorcher (Deep Elf Conjurer)          Turns: 22652, Time: 01:37:44

Health: -8/74      AC: 11    Str: 12    XL:     14   Next: 0%
Magic:  5/33       EV: 15    Int: 30    God:    Vehumet [*****.]
Gold:   1291       SH:  0    Dex: 15    Spells: 8 memorised, 3 levels left

rFire  + + +     SeeInvis .     n - staff of fire
rCold  x . .     Gourm    .     p - +0 robe {rF+}
rNeg   + . .     Faith    .     (no shield)
rPois  +         Spirit   .     r - +2 helmet
rElec  .         Dismiss  .     e - +0 cloak of Nobility {-Tele rN+ Str+2}
rCorr  .         Reflect  .     l - +0 pair of gloves
SustAt .         Harm     .     k - +2 pair of boots
MR     +....     NoTele   +     (no amulet)
Stlth  ++........               H - -2 ring of evasion (curse)
                                A - ring of fire

@: mighty, very slightly contaminated, delayed fireball, somewhat resistant to
hostile enchantments, unstealthy
A: fangs 1, talons 1, rugged brown scales 1, clever 2, deterioration 1, frail 1,
poison resistance, regeneration 2
a: Renounce Religion, Release Delayed Fireball


You were on level 7 of the Lair of Beasts.
You worshipped Vehumet.
Vehumet was extremely pleased with you.
You were very hungry.

You visited 3 branches of the dungeon, and saw 20 of its levels.
You also visited: Sewer.

You collected 1291 gold pieces.

Inventory:

Armour
 e - the +0 cloak of Nobility (worn) {-Tele rN+ Str+2}
   (You acquired it on level 5 of the Lair of Beasts)

   It affects your strength (+2).
   It protects you from negative energy.
   It prevents most forms of teleportation.
 k - a +2 pair of boots (worn)
 l - a +0 pair of gloves (worn)
 p - a +0 robe of fire resistance (worn)
 r - a +2 helmet (worn)
Magical Staves
 n - an uncursed staff of fire (weapon)
 N - an uncursed staff of death
Jewellery
 j - an uncursed ring of protection from fire
 A - a ring of fire (left hand)
 H - a cursed -2 ring of evasion (right hand)
Wands
 g - a wand of lightning (9/15)
 q - a wand of slowing (22/48)
 u - a wand of paralysis (7/24)
 w - a wand of iceblast (11/15)
 y - a wand of enslavement (13/24)
 E - a wand of digging (18/24)
 K - a wand of teleportation (4/9)
 O - a wand of slowing (29/48)
 P - a wand of confusion (22/48)
Scrolls
 h - 3 scrolls of fog
 x - 3 scrolls of fear
 z - 2 scrolls of identify
 I - 2 scrolls of magic mapping
 M - a scroll of silence
 Q - a scroll of enchant weapon
 V - 3 scrolls of teleportation
Potions
 a - 3 potions of agility
 f - 2 potions of haste
 m - a potion of lignification
 o - 4 potions of brilliance
 s - 2 potions of heal wounds
 v - 2 potions of cure mutation
 C - 4 potions of curing
 D - 3 potions of flight
 J - a potion of cancellation
Books
 G - Sarapuo's Compendium of Assistive Intoxication
   (You found it on level 5 of the Lair of Beasts)

   Spells                             Type                      Level
   a - Spider Form                    Transmutation/Poison         3
   b - Warp Weapon                    Charms/Translocation         5
   c - Deflect Missiles               Charms/Air                   6
Miscellaneous
 t - a phantom mirror
 L - a lamp of fire
Comestibles
 c - 6 bread rations
 d - 3 beef jerkies
 i - 3 meat rations
 S - 2 fruits


   Skills:
 - Level 6.1 Fighting
 - Level 8.1 Dodging
 - Level 2.4 Stealth
 - Level 13.1 Spellcasting
 + Level 13.2 Conjurations
 - Level 11.1 Charms
 * Level 15.3 Fire Magic


You had 3 spell levels left.
You knew the following spells:

 Your Spells              Type           Power        Failure   Level  Hunger
a - Magic Dart            Conj           ####         0%          1    None
d - Bolt of Fire          Conj/Fire      ########..   1%          6    ####...
e - Spellforged Servitor  Conj/Summ      ######....   63%         7    ######.
p - Ignite Poison         Fire/Trmt/Pois #######.     1%          3    None
q - Iskenderun's Battles  Conj/Chrm      #######.     1%          5    #......
r - Ring of Flames        Chrm/Fire      ########..   12%         7    ######.
s - Fireball              Conj/Fire      ########..   1%          5    #......
w - Delayed Fireball      Conj/Fire      N/A          2%          7    ######.


Dungeon Overview and Level Annotations

Branches:
Dungeon (11/15)            Temple (1/1) D:5            Lair (8/8) D:11
  Swamp (0/4) Lair:5        Snake (0/4) Lair:3          Orc (0/2) D:11
  Slime: Lair:6-8

Altars:
Ashenzari
Cheibriados
Dithmenos
Elyvilon
Fedhas
Gozag
Kikubaaqudgha
Makhleb
Nemelex Xobeh
Okawaru
Pakellas
Qazlal
Ru
Sif Muna
Trog
Vehumet
Xom
Yredelemnul
Zin
The Shining One


Innate Abilities, Weirdness & Mutations

You have very sharp teeth.
You have sharp toenails.
You are partially covered in rugged brown scales (AC +1, +3% HP).
Your mind is very acute. (Int +4)
Your body sometimes deteriorates upon taking damage.
You are frail (-10% HP).
Your system is resistant to poisons.
You heal very quickly.


Message History

You climb upwards.
There is a stone staircase leading down here.
Casting: Bolt of Fire
Confirm with . or Enter, or press ? or * to list all spells.
Okay, then.
Drink which item? (? for menu, Esc to quit)
You feel very mighty all of a sudden. The spiny frog closely misses you.
You hit the spiny frog.
The spiny frog is lightly wounded.
The spiny frog completely misses you.
You hit the spiny frog. You burn the spiny frog!
The spiny frog is heavily wounded.
The spiny frog stings you!!
* * * LOW HITPOINT WARNING * * *
The spiny frog barely misses you.
You completely miss the spiny frog.
The spiny frog is heavily wounded.
The spiny frog stings you!!
You die...

..P......##P....## #..###
#######...##.....# ##...#
..#####...#.....## ####†###
.........P.#...######.#...#
................##.P...#..#
..........................#
#........................P##
.........##.....F..........#
...#..##.##.....@.........##
....#######...####...######
....# ###P# ##.## ...P# ###
### ....# ...## ....# ...P#
....#


You could see a spiny frog.

Vanquished Creatures
  6 hydras
  A catoblepas (Lair:7)
  4 death yaks
  Urug (D:10)
  2 griffons
  5 elephants (Lair:7)
  7 black mambas
  7 spiny frogs
  2 rime drakes
  8 komodo dragons
  2 trolls
  19 blink frogs
  A vampire (D:11)
  53 yaks
  9 hippogriffs
  A wyvern (D:9)
  The ghost of Ginkk the Skirmisher, an amateur DsAK of Lugonu (D:5)
  6 basilisks
  A hungry ghost (D:10)
  4 nagas (Lair:3)
  16 water moccasins
  2 orc warriors (D:9)
  25 porcupines
  4 phantoms
  2 wasps
  A sky beast (D:7)
  3 ice beasts
  2 necrophages
  19 wolves
  2 ogres
  The ghost of Drunkenshrew the Skirmisher, an amateur HEFi (Sewer)
  A centaur (D:9)
  16 crocodiles
  2 big kobolds
  24 giant frogs
  2 scorpions
  5 wights (D:9)
  3 electric eels (Lair:5)
  7 howler monkeys
  6 crimson imps
  A giant frog zombie (D:5)
  A giant frog skeleton (D:8)
  3 orc priests
  6 hounds
  3 jellies
  4 gnoll shamans (D:4)
  2 orc wizards
  2 centaur skeletons
  10 iguanas
  8 worker ants
  A killer bee zombie (D:7)
  20 sheep
  35 gnolls
  24 adders
  38 river rats
  A shadow imp (D:6)
  4 adder skeletons
  3 adder zombies
  2 worms
  2 dart slugs (D:3)
  9 giant geckos
  27 orcs
  4 bats
  11 giant cockroaches
  8 goblins
  5 hobgoblins
  33 jackals
  8 quokkas
  6 ball pythons
  A ball python zombie (D:6)
  2 giant gecko skeletons (D:4)
  12 giant newts
  16 kobolds
  8 rats
  A fungus (Lair:7)
  A plant (D:11)
605 creatures vanquished.

Vanquished Creatures (collateral kills)
  2 yaks (D:10)
2 creatures vanquished.

Vanquished Creatures (others)
  4 fungi
  A plant (Lair:3)
5 creatures vanquished.

Grand Total: 612 creatures vanquished

Notes
Turn   | Place    | Note
--------------------------------------------------------------
     0 | D:1      | Kisielow the Deep Elf Conjurer began the quest for the Orb.
     0 | D:1      | Reached XP level 1. HP: 10/10 MP: 6/6
   283 | D:1      | Reached XP level 2. HP: 15/15 MP: 6/8
   308 | D:1      | Reached skill level 5 in Conjurations
   651 | D:1      | Learned a level 2 spell: Searing Ray
   667 | D:2      | Found an opulent altar of Gozag.
   673 | D:2      | Reached XP level 3. HP: 19/19 MP: 2/9
  1110 | D:2      | Reached XP level 4. HP: 24/24 MP: 0/10
  1471 | D:2      | Found a stormy altar of Qazlal.
  1601 | D:3      | Noticed an ogre
  1611 | D:3      | Killed an ogre
  1611 | D:3      | Reached XP level 5. HP: 28/28 MP: 3/11
  1620 | D:3      | Learned a level 5 spell: Iskenderun's Battlesphere
  1736 | D:3      | Reached skill level 1 in Charms
  2288 | D:3      | Gained mutation: You have a pair of small antennae on your head. [potion of mutation]
  2288 | D:3      | Lost mutation: You have a pair of small antennae on your head. [potion of mutation]
  2288 | D:3      | Gained mutation: You have very sharp teeth. [potion of mutation]
  2796 | D:4      | Reached XP level 6. HP: 32/32 MP: 8/12
  3190 | D:4      | Reached skill level 5 in Charms
  3297 | D:4      | Gained mutation: You expend magic power (3 MP) to strengthen your wands. [potion of mutation]
  3297 | D:4      | Gained mutation: You evolve. [potion of mutation]
  3297 | D:4      | Gained mutation: You have an increased reservoir of magic (+10% MP). [potion of mutation]
  3298 | D:4      | Gained mutation: You rapidly evolve. [potion of mutation]
  3298 | D:4      | Gained mutation: Your natural rate of healing is unusually fast. [potion of mutation]
  3298 | D:4      | Gained mutation: Your mind is acute. (Int +2) [potion of mutation]
  3298 | D:4      | Gained mutation: You are frail (-10% HP). [evolution]
  3549 | D:4      | Reached XP level 7. HP: 32/32 MP: 0/14
  3551 | D:5      | Entered Level 5 of the Dungeon
  4500 | D:4      | Gained mutation: You are partially covered in rugged brown scales (AC +1, +3% HP). [evolution]
  4904 | D:4      | Reached XP level 8. HP: 38/38 MP: 6/15
  4992 | D:4      | Learned a level 5 spell: Fireball
  5512 | D:5      | Lost mutation: You are frail (-10% HP). [evolution]
  5570 | D:5      | Reached skill level 10 in Charms
  5776 | D:5      | Found a staircase to the Ecumenical Temple.
  5789 | Temple   | Entered the Ecumenical Temple
  5896 | Temple   | Became a worshipper of Vehumet
  5922 | D:5      | Noticed Ginkk's ghost (amateur DsAK)
  5927 | D:5      | Killed Ginkk's ghost
  6349 | D:6      | Reached skill level 1 in Fire Magic
  6353 | D:6      | Reached skill level 2 in Fire Magic
  6565 | D:6      | Reached skill level 3 in Fire Magic
  6685 | D:6      | Found a glowing drain.
  6689 | Sewer    | Entered a sewer
  6848 | Sewer    | Reached * piety under Vehumet
  6848 | Sewer    | Offered knowledge of Sting by Vehumet.
  6915 | Sewer    | Noticed Drunkenshrew's ghost (amateur HEFi)
  6921 | Sewer    | Killed Drunkenshrew's ghost
  7007 | Sewer    | Reached skill level 4 in Fire Magic
  7010 | Sewer    | Reached XP level 9. HP: 37/46 MP: 6/16
  8181 | D:7      | Reached skill level 5 in Fire Magic
  8264 | D:7      | Offered knowledge of Freeze by Vehumet.
  8270 | D:7      | Reached ** piety under Vehumet
  8588 | D:7      | Reached skill level 6 in Fire Magic
  8765 | D:7      | Reached skill level 10 in Conjurations
  8773 | D:7      | Gained mutation: You are frail (-10% HP). [mutagenic meat]
  8775 | D:7      | Gained mutation: Your system is resistant to poisons. [mutagenic meat]
  8777 | D:7      | Lost mutation: You have an increased reservoir of magic (+10% MP). [mutagenic meat]
  8778 | D:7      | Gained mutation: Your body sometimes deteriorates upon taking damage. [mutagenic meat]
  8850 | D:7      | Learned a level 3 spell: Ignite Poison
  9358 | D:8      | Reached skill level 7 in Fire Magic
  9885 | D:8      | Lost mutation: You rapidly evolve. [end of evolution]
  9907 | D:8      | Reached skill level 1 in Fighting
 10308 | D:9      | Noticed a troll
 10312 | D:9      | Killed a troll
 10312 | D:9      | Reached skill level 5 in Spellcasting
 10312 | D:9      | Reached XP level 10. HP: 50/50 MP: 10/19
 10321 | D:9      | Learned a level 7 spell: Delayed Fireball
 10389 | D:9      | Offered knowledge of Inner Flame by Vehumet.
 10498 | D:9      | Reached *** piety under Vehumet
 10643 | D:9      | Reached skill level 5 in Dodging
 10963 | D:9      | Offered knowledge of Conjure Flame by Vehumet.
 11246 | D:9      | Reached skill level 8 in Fire Magic
 11423 | D:9      | Learned a level 6 spell: Bolt of Fire
 11865 | D:10     | Entered Level 10 of the Dungeon
 12257 | D:10     | Reached **** piety under Vehumet
 12384 | D:10     | Noticed Urug
 12388 | D:10     | Killed Urug
 12556 | D:9      | Reached XP level 11. HP: 36/57 MP: 13/24
 12662 | D:9      | Offered knowledge of Static Discharge by Vehumet.
 12847 | D:10     | Reached skill level 5 in Fighting
 13324 | D:11     | Identified the Tome of the Barnacle
 13413 | D:11     | Found a staircase to the Lair.
 13675 | D:11     | Found a staircase to the Orcish Mines.
 14155 | Lair:1   | Entered Level 1 of the Lair of Beasts
 14251 | Lair:1   | Reached skill level 9 in Fire Magic
 14270 | Lair:1   | Gained mutation: You have sharp toenails. [potion of mutation]
 14270 | Lair:1   | Gained mutation: Your mind is very acute. (Int +4) [potion of mutation]
 14270 | Lair:1   | Lost mutation: You expend magic power (3 MP) to strengthen your wands. [potion of mutation]
 14323 | Lair:1   | Reached ***** piety under Vehumet
 14338 | Lair:1   | Offered knowledge of Spellforged Servitor by Vehumet.
 15092 | Lair:2   | Learned a level 7 spell: Spellforged Servitor
 15112 | Lair:2   | Reached skill level 10 in Spellcasting
 15665 | Lair:2   | Reached XP level 12. HP: 62/65 MP: 10/30
 16844 | Lair:3   | Noticed a five-headed hydra
 16845 | Lair:3   | Killed a five-headed hydra
 16845 | Lair:3   | Reached skill level 10 in Fire Magic
 16977 | Lair:3   | Offered knowledge of Sticky Flame by Vehumet.
 17069 | Lair:3   | Found a staircase to the Snake Pit.
 17083 | Lair:3   | Noticed a four-headed hydra
 17086 | Lair:3   | Killed a four-headed hydra
 17092 | Lair:3   | Reached skill level 11 in Fire Magic
 17157 | Lair:3   | Noticed a five-headed hydra
 17162 | Lair:3   | Killed a five-headed hydra
 17502 | Lair:3   | Reached skill level 12 in Fire Magic
 18128 | Lair:1   | Learned a level 7 spell: Ring of Flames
 18384 | Lair:4   | Reached XP level 13. HP: 68/68 MP: 15/32
 18473 | Lair:4   | Found a glowing golden altar of the Shining One.
 19480 | Lair:5   | Reached skill level 13 in Fire Magic
 19648 | Lair:5   | Found a staircase to the Swamp.
 19751 | Lair:5   | Identified Sarapuo's Compendium of Assistive Intoxication
 19843 | Lair:5   | Identified a scroll of acquirement
 19846 | Lair:5   | Got a transparent cloak
 19852 | Lair:5   | Identified the +0 cloak of Nobility {-Tele rN+ Str+2} (You acquired it on level 5 of the Lair of Beasts)
 20385 | Lair:6   | Offered knowledge of Lightning Bolt by Vehumet.
 20977 | Lair:6   | Reached skill level 14 in Fire Magic
 21857 | Lair:7   | Reached skill level 15 in Fire Magic
 22378 | Lair:7   | Gained mutation: You heal very quickly. [evolution]
 22378 | Lair:7   | Lost mutation: You evolve. [end of evolution]
 22567 | Lair:8   | Entered Level 8 of the Lair of Beasts
 22642 | Lair:8   | Reached XP level 14. HP: 51/74 MP: 3/33
 22652 | Lair:7   | Mangled by a spiny frog

Skill      XL: |  1  2  3  4  5  6  7  8  9 10 11 12 13 |
---------------+----------------------------------------+-----
Conjurations   | 5 6 7 8 9 10 11 13 | 13.2
Charms         | 4 7 9 11 | 11.1
Fire Magic     | 4 7 8 9 12 15 | 15.3
Dodging        | 4 7 8 |  8.1
Fighting       | 2 4 6 |  6.1
Spellcasting   | 5 7 12 13 | 13.1
Stealth        | |  2.4

Action                   |  1- 3 |  4- 6 |  7- 9 | 10-12 | 13-15 || total
-------------------------+-------+-------+-------+-------+-------++-------
Melee: Unarmed           |     1 |     2 |    14 |       |       ||    17
       Staff             |       |       |    10 |       |     3 ||    13
       Bite              |       |       |     2 |       |       ||     2
 Cast: Magic Dart        |    54 |   100 |   233 |   280 |   115 ||   782
       Searing Ray       |     1 |     8 |     5 |       |       ||    14
       Iskenderun's Batt |       |     3 |    58 |    78 |    34 ||   173
       Fireball          |       |       |     7 |    47 |    24 ||    78
       Bolt of Fire      |       |       |       |    37 |    34 ||    71
       Ignite Poison     |       |       |       |     1 |       ||     1
       Delayed Fireball  |       |       |       |     2 |     1 ||     3
       Ring of Flames    |       |       |       |       |     1 ||     1
 Abil: Release Delayed F |       |       |       |     1 |     1 ||     2
Evoke: Wand              |       |       |     1 |     7 |       ||     8
       Lamp of fire      |       |       |       |     1 |       ||     1
  Use: Scroll            |       |    11 |     9 |    15 |     8 ||    43
       Potion            |       |     7 |     2 |     1 |     3 ||    13
  Eat: Chunk             |       |     9 |    43 |    38 |     8 ||    98
       Pizza             |       |     1 |     2 |     1 |       ||     4
       Fruit             |       |       |     4 |     4 |     1 ||     9
       Beef jerky        |       |       |     1 |     1 |       ||     2
       Bread ration      |       |       |       |     1 |       ||     1
       Meat ration       |       |       |       |       |     2 ||     2
Armor: Robe              |     2 |    34 |    64 |    17 |     7 ||   124
Dodge: Dodged            |     4 |    47 |   137 |    59 |    23 ||   270
